 Dungeon Crawl Stone Soup version 0.31-a0-810-ga77100ea1a (webtiles) character file.

Game seed: 6645623712449023215

67 lunkers the Shooter (level 4, 0/33 HPs)
             Began as a Meteoran Wanderer on Sept 21, 2023.
             Was an Initiate of Makhleb.
             Slain by a gnoll
             ... wielding a +0 whip
              (3 damage)
             ... on level 4 of the Dungeon.
             The game lasted 00:01:53 (1596 turns).

lunkers the Shooter (Meteoran Wanderer)             Turns: 1596, Time: 00:01:53

Health: 0/33       AC:  6    Str: 12    XL:     4   Next: 67%
Magic:  9/9        EV: 12    Int: 16    God:    Makhleb [......]
Gold:   122        SH:  0    Dex: 14    Spells: 8/8 levels left

rFire   . . .        a - +2 sling
rCold   . . .        (no shield)
rNeg    . . .        g - +0 ring mail {Will+}
rPois   .            b - +0 helmet
rElec   .            (no cloak)
rCorr   .            (no gloves)
SInv    .            (no boots)
Will    +....        (no amulet)
Stlth   +            (no ring)
HPRegen 0.25/turn    (no ring)
MPRegen 0.11/turn

%: no passive effects
@: glowing
A: sense surroundings 1, otherworldly, glowing, explore regen
a: Renounce Religion


You were on level 4 of the Dungeon.
You worshipped Makhleb.
Makhleb was noncommittal.
You visited 1 branch of the dungeon, and saw 4 of its levels.

You collected 122 gold pieces.

Inventory:

Hand Weapons
 a - a +2 sling (weapon)
Armour
 b - a +0 helmet (worn)
 g - a +0 ring mail of willpower (worn)
 j - an orb of wrath
Jewellery
 l - a ring of ice
Wands
 d - a wand of mindburst (12)
Scrolls
 c - 3 scrolls of blinking
 e - a scroll of vulnerability {unknown}
 h - 2 scrolls of teleportation {unknown}
 i - 2 scrolls of identify {unknown}
 n - a scroll of fog {unknown}
 o - a scroll of poison {unknown}
Potions
 f - 2 potions of lignification {unknown}
 k - a potion of curing {unknown}
 m - 2 potions of attraction {unknown}


   Skills:
 + Level 5.4 Ranged Weapons
 - Level 4.3 Dodging
 - Level 2.6 Spellcasting
 - Level 1.2 Transmutations


You had 8 spell levels left.
You didn't know any spells.
Your spell library contained the following spells:

 Spells                   Type           Power      Damage    Failure   Level
 Wereblood                Tmut           6%         N/A       38%         2
 Passwall                 Tmut/Erth      3%         N/A       45%         2


Dungeon Overview and Level Annotations

Branches:
Dungeon (4/15) Zot: 772
 Temple: D:4-7

Altars:
Elyvilon
Makhleb
Nemelex Xobeh
Uskayaw
Zin

Shops:
D:2 ?


Innate Abilities, Weirdness & Mutations

You passively map a small area around you.
You are easily found by Zot.
You glow in the dark.
You regain HP and MP as you explore.


Message History

You shoot a sling bullet. The sling bullet hits the gnoll.
The gnoll is heavily wounded.
The gnoll misses you.
You shoot a sling bullet. The sling bullet hits the gnoll.
You kill the gnoll!
Makhleb accepts your kill. The gnoll hits you with a +0 club!
* * * LOW HITPOINT WARNING * * *
Fire: a) +2 sling
Press: ? - help, Q - select action, (/) - cycle Shift-Dir - straight line, f - gnoll
Aim: a gnoll, wielding a +0 club (64% to hit)
You shoot a sling bullet.
The sling bullet barely misses the gnoll.
The gnoll closely misses you.
Unknown command.
Fire: a) +2 sling
Press: ? - help, Q - select action, (/) - cycle Shift-Dir - straight line, f/p - gnoll
Aim: a gnoll, wielding a +0 club (64% to hit)
You shoot a sling bullet. The sling bullet hits the gnoll!
The gnoll is heavily wounded.
The gnoll hits you with a +0 club.
* * * LOW HITPOINT WARNING * * *
The gnoll closely misses you. The gnoll hits you but does no damage.
The gnoll barely misses you.
Fire: a) +2 sling
Press: ? - help, Q - select action, (/) - cycle Shift-Dir - straight line, f/p - gnoll
Aim: a gnoll, wielding a +0 club (heavily wounded, 64% to hit)
You shoot a sling bullet. The sling bullet hits the gnoll.
The gnoll is severely wounded.
The gnoll misses you. The gnoll hits you with a +0 club!
* * * LOW HITPOINT WARNING * * *
Fire: a) +2 sling
Press: ? - help, Q - select action, (/) - cycle Shift-Dir - straight line, f/p - gnoll
Aim: a gnoll, wielding a +0 club (severely wounded, 64% to hit)
You shoot a sling bullet.
The sling bullet closely misses the gnoll.
The gnoll hits you with a +0 club.
* * * LOW HITPOINT WARNING * * *
The gnoll hits you with a +0 whip.
You die...

, , ....* , * ,
... , #.. * * ,
* #..### ,
#..... , , *
#....# # *
#####...#.### ,
.....)g@....# *
*######g..##....
, ###... , . * ,
..## * .## , , *
.# * ,, , *.. ,
, #. ,, , * ,


You could see 2 gnolls.

Vanquished Creatures
  2 gnolls (D:4)
  2 adders (D:2)
  5 ball pythons
  4 bats
  An endoplasm (D:1)
  A giant cockroach (D:1)
  5 goblins
  3 hobgoblins
  2 quokkas (D:1)
  A frilled lizard (D:2)
  2 kobolds (D:3)
  2 rats (D:1)
30 creatures vanquished.

Notes
Turn   | Place    | Note
-------+----------+-------------------------------------------
     0 | D:1      | lunkers the Meteoran Wanderer began the quest for the Orb.
     0 | D:1      | lunkers set off with the following items: a +2 sling, a +0
                  | helmet, a scroll of blinking, a +0 robe; and the following
                  | spells available to memorise: Wereblood, Passwall.
     0 | D:1      | Reached XP level 1. HP: 14/14 MP: 5/5
   131 | D:1      | Reached XP level 2. HP: 18/20 MP: 6/6
   193 | D:1      | Reached skill level 4 in Ranged Weapons
   373 | D:1      | Reached XP level 3. HP: 26/26 MP: 8/8
   486 | D:1      | Glimpsed the power of Zot.
   658 | D:2      | Found Fufug's Magic Scroll Shoppe.
   890 | D:2      | Reached XP level 4. HP: 23/33 MP: 9/9
  1165 | D:3      | Found a white marble altar of Elyvilon.
  1166 | D:3      | Found a hide-covered altar of Uskayaw.
  1228 | D:3      | Found a burning altar of Makhleb.
  1230 | D:3      | Found a glowing silver altar of Zin.
  1230 | D:3      | Noticed an angel
  1230 | D:3      | Noticed a cacodemon
  1236 | D:3      | Became a worshipper of Makhleb the Destroyer
  1415 | D:3      | Reached skill level 5 in Ranged Weapons
  1505 | D:3      | Found a sparkling altar of Nemelex Xobeh.
  1596 | D:4      | Slain by a gnoll

Illustrated notes

Levels and vault maps discovered:
D:1:      dpeg_arrival_three_bigger_balls, layout_loops_corners
D:2:      layout_loops_ring, serial_shops, shop
D:3:      layout_loops_cross, grunt_temple_overflow_order_and_chaos_2,
          nemelex_xobeh_ov_fountains_minmay, mainiacjoe_overflow_divided_tiny,
          kennysheep_boxes
D:4:      layout_rooms, nicolae_shop_i_like_big_books, minmay_fractal_squares_5

Skill      XL: |  1  2  3  4 |
---------------+-------------+-----
Ranged Weapons | 4 5 |  5.4
Dodging        | |  4.3
Spellcasting   | |  2.6
Transmutations | |  1.2

Action                     |  1- 3 |  4- 6 || total
---------------------------+-------+-------++-------
   Fire: Sling             |    75 |    30 ||   105
 Armour: Robe              |     9 |       ||     9
         Ring mail         |    24 |    10 ||    34
  Dodge: Dodged            |    25 |    15 ||    40

Table legend: (Time is in decaauts)
 A = Elapsed time spent in this place.
 B = Non-inter-level travel time spent in this place.
 C = Inter-level travel time spent in this place.
 D = Time resting spent in this place.
 E = Time spent auto-exploring this place.
 F = Levels seen in this place.
 G = Mean time per level.
                   A        B        C        D        E       F      G
               +--------+--------+--------+--------+--------+-----+--------+
         Total |   1626 |   1557 |     69 |      0 |   1338 |   4 |  406.5 |
       Dungeon |   1626 |   1557 |     69 |      0 |   1338 |   4 |  406.5 |
               +--------+--------+--------+--------+--------+-----+--------+

Top non-repeatable levels by time:
     D:3: 548 daAuts
     D:1: 537 daAuts
     D:2: 523 daAuts
     D:4: 16 daAuts
